 Dungeon Crawl Stone Soup version 0.17.1-1-g73c8601 (webtiles) character file.

18 Killerpretzel the Conjurer (level 2, 15/15 HPs)
             Began as a Deep Elf Conjurer on Dec 16, 2015.
             Quit the game on level 1 of the Dungeon.
             The game lasted 00:05:24 (990 turns).

Killerpretzel the Conjurer (Deep Elf Conjurer)       Turns: 990, Time: 00:05:24

Health: 15/15      AC:  7    Str:  5    XL:     2   Next: 48%
Magic:  8/8        EV: 13    Int: 21    God:
Gold:   52         SH:  0    Dex: 15    Spells: 2 memorised, 4 levels left

rFire  . . .     SeeInvis .     o - +2 dagger (protect)
rCold  . . .     Clarity  .     a - +0 robe
rNeg   . . .     SustAt   .     (no shield)
rPois  .         Gourm    .     (no helmet)
rElec  .         Spirit   .     (no cloak)
rCorr  .         Warding  .     (no gloves)
rMut   .         Stasis   .     (no boots)
MR     .....                    (no amulet)
Stlth  ++........               (no ring)
                                (no ring)

@: not resistant to hostile enchantments, unstealthy
A: talons 1, clever 1, subdued magic 2
a: no special abilities


You were on level 1 of the Dungeon.
You were not hungry.

You visited 1 branch of the dungeon, and saw 1 of its levels.

You collected 52 gold pieces.

Inventory:

Hand Weapons
 l - a +0 dagger
 o - a +2 dagger of protection (weapon)
Missiles
 j - 10 steel sling bullets
 k - 49 stones (quivered)
Armour
 a - a +0 robe (worn)
 g - a +1 leather armour of positive energy
Comestibles
 c - 2 bread rations


   Skills:
 - Level 2.4 Dodging
 - Level 2.4 Stealth
 - Level 3.0 Spellcasting
 + Level 5.2 Conjurations


You had 4 spell levels left.
You knew the following spells:

 Your Spells              Type           Power        Failure   Level  Hunger
a - Magic Dart            Conj           ##..         1%          1    None
b - Searing Ray           Conj           ##....       1%          2    ##.....


Dungeon Overview and Level Annotations

Branches:
Dungeon (1/15)

Altars:


Innate Abilities, Weirdness & Mutations

You have sharp toenails.
Your mind is acute. (Int +2)
Your spells are easier to cast, but less powerful.


Message History

Your +1 dagger of protection glows red for a moment.
Items here: !! %% : a dark potion; a meat ration; 2 white potions; 2 chunks of flesh a book of Conjurations
n - a dark potion;
e - 2 white potions Drink which item? (? for menu, Esc to quit)
It was a potion of mutation.
You feel extremely strange.
Your connection to magic feels subdued.
Your connection to magic feels more subdued.
You feel frail.
Drink which item? (? for menu, Esc to quit)
You feel extremely strange.
You feel robust.
You feel clever.
Your toenails lengthen and sharpen.
Drink which item? (? for menu, Esc to quit)
It was a potion of heal wounds.
You feel much better.
You are alive.
Your movement speed is average.
Your attack speed is average.
Your base attributes are Str 5, Int 19, Dex 15.
You are not resistant to hostile enchantments.
You are unstealthy.
Are you sure you want to abandon this character and quit the game? (Confirm with "yes".)

#..................########
###.......................###
#.#####.####............... #.#
#.####.##..########## #.#
###.##................. #.#
#................######
##.###...####'##..##..#
#...##.........#..##..#
#...##.%...@...#..##..######
#...##.........#..##..##....
#...##.........#............
#...'..........##.##..#.....
#...##..#......##.##..#.....
#...##..####......##..#.....
#####........>..............
##########...####.#....##..#.....
.............####.##'#.##..#.####


There were no monsters in sight!

Vanquished Creatures
  2 giant cockroaches (D:1)
  3 hobgoblins (D:1)
  2 kobolds (D:1)
  A quokka (D:1)
  A bat (D:1)
  2 giant newts (D:1)
  3 goblins (D:1)
  3 rats (D:1)
17 creatures vanquished.

Notes
Turn   | Place    | Note
--------------------------------------------------------------
     0 | D:1      | Killerpretzel the Deep Elf Conjurer began the quest for the Orb.
     0 | D:1      | Reached XP level 1. HP: 10/10 MP: 6/6
   372 | D:1      | Reached XP level 2. HP: 15/15 MP: 5/8
   441 | D:1      | Reached skill level 5 in Conjurations
   946 | D:1      | Learned a level 2 spell: Searing Ray
   987 | D:1      | Gained mutation: Your spells are a little easier to cast, but a little less powerful. [potion of mutation]
   987 | D:1      | Gained mutation: Your spells are easier to cast, but less powerful. [potion of mutation]
   987 | D:1      | Gained mutation: You are frail (-10% HP). [potion of mutation]
   988 | D:1      | Lost mutation: You are frail (-10% HP). [potion of mutation]
   988 | D:1      | Gained mutation: Your mind is acute. (Int +2) [potion of mutation]
   988 | D:1      | Gained mutation: You have sharp toenails. [potion of mutation]
   990 | D:1      | Quit the game

Action                   || total
-------------------------++-------
Melee: Unarmed           ||     4
 Cast: Magic Dart        ||    35
  Use: Scroll            ||     3
       Potion            ||     3
